 Dungeon Crawl Stone Soup version 0.31-a0-331-geda263fcf1 (webtiles) character file.

Game seed: 18242125591291341670

249328 Gelion the Metamorph (level 18, -5/250 HPs)
             Began as a Troll Shapeshifter on July 20, 2023.
             Was an Initiate of Gozag.
             Slain by a vault warden
             ... wielding a +0 long sword
              (29 damage)
             ... on level 1 of the Vaults.
             The game lasted 01:21:53 (31511 turns).

Gelion the Metamorph (Troll Shapeshifter)          Turns: 31511, Time: 01:21:54

Health: -5/250     AC: 40    Str: 28    XL:     18   Next: 87%
Magic:  17/17      EV: 10    Int:  4    God:    Gozag
Gold:   2378       SH:  5    Dex: 16    Spells: 17/17 levels left

rFire   + .          .
                       - Unarmed
rCold   + + .        (no shield)
rNeg    + . .        (body armour currently unavailable)
rPois   ∞            G - +2 hat {Will+}
rElec   +            q - +1 cloak {Will+}
rCorr   +            (gloves unavailable)
SInv    +            (boots unavailable)
Will    +++..        C - amulet of reflection
Stlth   +            D - ring of see invisible
HPRegen 1.41/turn    X - ring of resist corrosion
MPRegen 0.15/turn

%: reflection
@: mighty, statue-form, resistant, gold aura, hasted, studying Ice Magic, quick
A: slow and powerful, torment resistance 1, boosted hp, large, unfitting armour,
claws 3, regeneration 1, (shaggy fur 1), (tough skin 1), cold resistance 1
}: 2/15 runes: decaying, gossamer
a: Begin Untransformation, Renounce Religion, Potion Petition, Call Merchant,
Bribe Branch


You were on level 1 of the Vaults.
You worshipped Gozag.
Gozag was most pleased with you.
You were a living statue of rough stone.
You visited 7 branches of the dungeon, and saw 32 of its levels.
You also visited: Gauntlet, Ice Cave and Volcano.

You collected 14388 gold pieces.
You spent 3069 gold pieces at shops.
You paid 8941 gold pieces to Gozag.

Inventory:

Missiles
 e - 22 large rocks
 k - 2 throwing nets
 N - 5 silver javelins
Armour
 q - a +1 cloak of willpower (worn)
 G - a +2 hat of willpower (worn)
Jewellery
 c - a +5 ring of evasion
 i - a ring of positive energy
 j - an amulet of guardian spirit
 C - an amulet of reflection (around neck)
 D - a ring of see invisible (left claw)
 P - a ring of protection from cold
 X - a ring of resist corrosion (right claw)
Talismans
 w - a serpent talisman
 M - a granite talisman
 Y - a dragon-blood talisman
Wands
 d - a wand of flame (54)
 p - a wand of iceblast (26)
 r - a wand of polymorph (42)
 v - a wand of digging (12)
 E - a wand of quicksilver (6)
 F - a wand of paralysis (30)
 U - a wand of mindburst (7)
Scrolls
 g - a scroll of blinking
 m - 10 scrolls of fog
 o - 4 scrolls of brand weapon
 s - 11 scrolls of teleportation
 t - 3 scrolls of enchant armour
 u - 7 scrolls of revelation
 x - 7 scrolls of identify
 y - 2 scrolls of silence
 A - 5 scrolls of poison
 B - 3 scrolls of torment
 H - 6 scrolls of enchant weapon
 I - 4 scrolls of fear
 Q - 3 scrolls of amnesia
Potions
 a - 3 potions of invisibility
 b - 3 potions of lignification
 f - 8 potions of ambrosia
 h - 17 potions of curing
 l - 7 potions of brilliance
 n - 5 potions of enlightenment
 z - 3 potions of cancellation
 J - 5 potions of mutation
 L - 2 potions of magic
 O - 6 potions of attraction
 R - 2 potions of might
 T - 3 potions of haste
 W - a potion of berserk rage


   Skills:
 + Level 15.1 Fighting
 - Level 1.5 Dodging
 + Level 17.8 Unarmed Combat
 * Level 20.9 Shapeshifting


You had 17 spell levels left.
You didn't know any spells.
Your spell library contained the following spells:

 Spells                   Type           Power      Damage    Failure   Level
 Freeze                   Ice            0%         1d3       50%         1
 Necrotise                Necr           0%         1d4       50%         1
 Sandblast                Erth           0%         2d4       50%         1
 Shock                    Conj/Air       0%         1d3       50%         1
 Cigotuvi's Dreadful Rot  Necr/Pois/Air  0%         N/A       65%         2
 Passwall                 Tmut/Erth      0%         N/A       65%         2
 Frozen Ramparts          Ice            0%         1d1       86%         3
 Hailstorm                Conj/Ice       0%         3d3       86%         3
 Inner Flame              Hex/Fire       0%         N/A       86%         3
 Ozocubu's Armour         Ice            0%         N/A       86%         3
 Stone Arrow              Conj/Erth      0%         3d7       86%         3
 Swiftness                Air            0%         N/A       86%         3
 Vampiric Draining        Necr           0%         2d6       86%         3
 Airstrike                Air            0%         2d(0-16)  99%         4
 Anguish                  Hex/Necr       0%         N/A       99%         4
 Cause Fear               Hex            0%         N/A       99%         4
 Dispel Undead            Necr           0%         3d6       99%         4
 Flame Wave               Conj/Fire      0%         2d4       99%         4
 Leda's Liquefaction      Hex/Erth       0%         N/A       99%         4
 Petrify                  Tmut/Erth      0%         N/A       99%         4
 Sticky Flame             Conj/Fire      0%         2d3       99%         4
 Agony                    Necr           0%         N/A       100%        5
 Irradiate                Conj/Tmut      0%         3d11      100%        5
 Lee's Rapid Deconstruct  Erth           0%         3d4*      100%        5
 Metabolic Englaciation   Hex/Ice        0%         N/A       100%        5
 Yara's Violent Unravell  Hex/Tmut       0%         3d3       100%        5
 Death Channel            Necr           0%         N/A       100%        6
 Leda's Unmaking          Conj/Erth      0%         9d1       100%        6
 Enfeeble                 Hex            0%         N/A       100%        7
 Ozocubu's Refrigeration  Ice            0%         4d7       100%        7
 Polar Vortex             Ice            0%         N/A       100%        9
 Sublimation of Blood     Necr           Unusable   N/A       N/A         2
 Simulacrum               Ice/Necr       Unusable   N/A       N/A         6

Dungeon Overview and Level Annotations

Branches:
Dungeon (15/15)            Temple (1/1) D:4            Lair (5/5) D:11
  Swamp (4/4) Lair:3       Spider (4/4) Lair:2        Slime (0/5) Lair:5
    Orc (2/2) D:10            Elf (0/3) Orc:2        Vaults (1/5) D:14
 Depths (0/4) D:15          IceCv (visited)         Volcano (visited)
Gauntlet (visited)

Altars:
Ashenzari
Cheibriados
Dithmenos
Elyvilon
Fedhas
Gozag
Hepliaklqana
Kikubaaqudgha
Makhleb
Nemelex Xobeh
Okawaru
Qazlal
Ru
Sif Muna
Trog
Uskayaw
Vehumet
Wu Jian
Xom
Yredelemnul
Zin
The Shining One
Jiyva

Shops:
D:4 =(?=?   D:11 *   D:12 (   D:14 !?*   Orc:1 [   Orc:2 (([*   Spider:2 [**

Annotations:
D:9 1 runed translucent door, wormstring's ghost, novice FeCK


Innate Abilities, Weirdness & Mutations

You are a living statue of rough stone.
Your actions are slow, but your melee attacks are powerful.
You are resistant to unholy torment.
Your maximum health is greatly increased.
Your equipment is partially melded.
You are too large for most types of armour.
You are immune to poison.
You have claws for hands.
Your natural rate of healing is unusually fast.
((You are covered in fur. (AC +1)))
((You have tough skin. (AC +1)))
Your flesh is cold resistant. (rC+)


Message History

* * * LOW HITPOINT WARNING * * *
Unknown command.
You claw Donald!
You kill Donald!
The vault warden activates a sealing rune.
Items here: $ ) [[.
You eviscerate the ironbound convoker!!!!
You kill the ironbound convoker!
Electricity crackles from the ironbound thunderhulk's apparatus.
The bolt of lightning hits you! You resist.
* * * LOW HITPOINT WARNING * * *
The vault warden activates a sealing rune.
Things that are here:
6 gold pieces; a +0 morningstar; a +0 ring mail The vault warden blocks your attack.
The ironbound thunderhulk is distracted by your dazzling golden aura.
The vault warden blocks your attack.
The wizard casts a spell.
The wizard blinks!
The vault warden hits you with a +0 long sword!
* * * LOW HITPOINT WARNING * * *
The ironbound thunderhulk shouts!
The vault warden blocks your attack.
You claw the vault warden!!
The vault warden is lightly wounded.
The vault warden hits you with a +0 long sword!
* * * LOW HITPOINT WARNING * * *
The yaktaur is distracted by your dazzling golden aura.
The wizard hits you with a +2 dagger of venom.
* * * LOW HITPOINT WARNING * * *
The yaktaur shouts!
You mangle the wizard!!
The wizard is severely wounded.
You eviscerate the wizard!!!
You kill the wizard!
The ironbound thunderhulk is no longer distracted by gold.
The ironbound preserver mumbles some strange words.
The ironbound preserver begins to accept its allies' injuries.
The vault warden hits you with a +0 long sword!!
You die...
Your body crumbles into a pile of gold.

.................§.Opop.+
################p#.p.p$c#++##
#c#####$o....# #.# #......#
#p#......##### #O#......#
#.#####... #p# #.... #8#
...### +$# ...# #.# ####
#........ #........ #........
#........ #.^...... #........


You could see an ironbound preserver (strong), a vault warden (strong,
sheltered), an ironbound thunderhulk (strong, sheltered), an ironbound convoker
(sheltered) and a yaktaur (sheltered).

Vanquished Creatures
  Bai Suzhen (Spider:4)
  Jorgrun (D:13)
  Gastronok (Lair:2)
  Frances (Swamp:1)
  Kirke (Lair:5)
  Roxanne (D:15)
  Agnes (Spider:1)
  Donald (Vaults:1)
  A fenstrider witch (Swamp:3)
  5 emperor scorpions
  6 ghost moths
  A vault warden (Vaults:1)
  Louise (Swamp:2)
  An orc warlord (Orc:2)
  4 broodmothers
  A reaper (IceCv)
  A stone giant (D:15)
  3 ghouls (Swamp:4)
  An ironbound thunderhulk (Vaults:1)
  2 eleionomae
  3 bunyips
  3 spark wasps
  A minotaur (Gauntlet)
  3 dire elephants (Lair:5)
  3 fire dragons (Swamp:4)
  2 yaktaur captains (Vaults:1)
  5 entropy weavers
  A great orb of eyes (Vaults:1)
  A shambling mangrove (Swamp:2)
  An ettin (Orc:2)
  13 hydras
  A ghost crab (Swamp:4)
  4 jorogumos
  3 boulder beetles
  2 ironbound frosthearts (Vaults:1)
  9 radroaches
  A two-headed ogre (shapeshifter) (D:15)
  5 two-headed ogres
  4 centaur warriors
  2 dancing weapons (D:14)
  7 alligators
  A death knight (D:15)
  3 tengu warriors (D:15)
  10 demonic crawlers
  7 death scarabs (Spider:4)
  A hell hog (Gauntlet)
  2 death yaks (Lair:5)
  2 orc high priests (Orc:2)
  A hell knight (Volcano)
  A skyshark (Lair:5)
  A sun moth (Spider:3)
  10 pharaoh ants
  2 skeletal warriors (D:15)
  4 spriggan druids
  A spectral anaconda (Lair:5)
  4 goliath frogs
  11 swamp dragons
  9 orb spiders
  A bog body (Swamp:1)
  5 orc knights
  6 lindwurms
  3 wizards (Vaults:1)
  3 necromancers (Lair:5)
  2 ironbound convokers (Vaults:1)
  10 steelbarb worms
  An obsidian statue (Lair:5)
  Pikel (D:9)
  A spectral wolf spider (Spider:4)
  A phantasmal warrior (D:15)
  A wolf spider zombie (Spider:4)
  24 ugly things
  A deep elf pyromancer (D:15)
  3 will-o-the-wisps
  24 wolf spiders
  A manticore (D:11)
  3 orc sorcerers (Orc:2)
  4 cyclopes
  22 elephants
  Maurice (D:12)
  4 vault sentinels (Vaults:1)
  A worldbinder (Gauntlet)
  3 moths of wrath
  3 molten gargoyles (Volcano)
  Joseph (D:7)
  4 black mambas
  2 ice statues (IceCv)
  4 gargoyles (Volcano)
  10 cane toads
  4 torpor snails
  2 dire elephant skeletons (Lair:5)
  14 komodo dragons
  3 unseen horrors
  3 yaktaurs (Vaults:1)
  A rime drake (Lair:4)
  A freezing wraith (D:15)
  A tengu conjurer (D:13)
  6 ice devils (IceCv)
  3 efreet
  2 anaconda simulacra (IceCv)
  2 polar bears
  9 meliai
  6 trolls
  33 tarantellas
  A culicivora zombie (Spider:4)
  8 tyrant leeches
  3 spectral jumping spiders (Spider:4)
  A wolf spider simulacrum (D:15)
  14 hornets
  A tarantella zombie (Spider:4)
  2 jumping spider zombies (Spider:4)
  A hornet (shapeshifter) (D:15)
  2 spectral culicivoras (Spider:4)
  Prince Ribbit (Lair:3)
  3 spectral elephants (Lair:5)
  21 blink frogs
  41 jumping spiders
  15 slime creatures
  2 dire elephant simulacra
  15 spriggans
  2 wraiths
  22 culicivoras
  59 yaks
  A vampire (D:11)
  4 fire bats (Gauntlet)
  2 basilisks
  A hog (Lair:5)
  A human (D:7)
  7 steam dragons
  4 wyverns
  60 redbacks
  12 vampire mosquitoes
  2 death yak simulacra
  16 swamp worms
  A warg (Orc:2)
  An acid dragon (D:13)
  11 water moccasins
  2 hell hounds (Gauntlet)
  A sky beast (D:7)
  6 swamp drakes
  Duvessa (D:5)
  2 black bears
  An ice beast (D:5)
  39 orc warriors
  3 boggarts (Gauntlet)
  18 wolves
  5 ogres
  9 centaurs
  An elephant skeleton (Lair:5)
  2 phantoms
  5 kobold brigands
  9 bullfrogs
  A necrophage (Swamp:4)
  A gnoll sergeant (D:9)
  4 cane toad simulacra
  4 two-headed ogre simulacra (IceCv)
  8 scorpions
  7 wights
  Dowan (D:5)
  9 killer bees
  6 elephant simulacra
  4 howler monkeys
  An electric eel (Lair:4)
  7 jellies
  2 gnoll boudas
  6 hounds
  28 orc priests
  4 iguanas
  Ijyb (D:3)
  Terence (D:3)
  30 orc wizards
  A polar bear simulacrum (IceCv)
  9 adders
  11 gnolls
  4 naga simulacra (IceCv)
  2 shadow imps
  17 white imps
  2 ufetubi
  3 worms
  6 dart slugs
  118 orcs
  4 bats
  9 endoplasms
  6 giant cockroaches
  5 goblins
  10 hobgoblins
  4 jackals (D:3)
  5 quokkas
  A ball python (D:1)
  A frilled lizard (D:1)
  A jackal skeleton (D:7)
  40 kobolds
  5 rats
1249 creatures vanquished.

Vanquished Creatures (others)
  A wizard (D:13)
  A lindwurm (Swamp:4)
  4 bloated husks
  A tarantella (Spider:3)
  A human (Lair:5)
  A steam dragon (Swamp:4)
  2 redbacks (Spider:3)
  3 swamp drakes (Swamp:4)
  An ogre (D:7)
  3 orcs
  17 foxfires
35 creatures vanquished.

Grand Total: 1284 creatures vanquished

Notes
Turn   | Place    | Note
-------+----------+-------------------------------------------
     0 | D:1      | Gelion the Troll Shapeshifter began the quest for the Orb.
     0 | D:1      | Reached XP level 1. HP: 19/19 MP: 0/0
   403 | D:1      | Reached XP level 2. HP: 21/28 MP: 1/1
  1151 | D:2      | Reached XP level 3. HP: 26/35 MP: 2/2
  1403 | D:2      | Found a faded altar of an unknown god.
  1733 | D:2      | Reached XP level 4. HP: 42/42 MP: 3/3
  1993 | D:3      | Noticed Ijyb
  2004 | D:3      | Killed Ijyb
  2005 | D:3      | Reached skill level 4 in Shapeshifting
  2059 | D:3      | Noticed Terence
  2068 | D:3      | Killed Terence
  2069 | D:3      | Reached XP level 5. HP: 50/50 MP: 4/4
  2129 | D:3      | Found a shadowy altar of Dithmenos.
  2571 | D:4      | Found Litugrys's Weapon Boutique.
  2594 | D:4      | Found a staircase to the Ecumenical Temple.
  2676 | D:4      | Found Peingiofod's Jewellery Shop.
  2790 | Temple   | Found a transporter.
  2790 | Temple   | Found a transporter.
  2790 | Temple   | Found a transporter.
  2790 | Temple   | Found a transporter.
  2790 | Temple   | Entered the Ecumenical Temple
  2810 | Temple   | Became a worshipper of Gozag Ym Sagoz the Greedy
  2863 | D:4      | Reached XP level 6. HP: 61/61 MP: 5/5
  2954 | D:4      | Found Ixie's Jewellery Shoppe.
  2968 | D:4      | Reached skill level 5 in Shapeshifting
  3031 | D:4      | Found Liny's Magic Scroll Emporium.
  3052 | D:4      | Bought 3 scrolls of identify for 72 gold pieces
  3110 | D:4      | Found Lucsoigh's Magic Scroll Shop.
  3174 | D:5      | Entered Level 5 of the Dungeon
  3178 | D:5      | Reached XP level 7. HP: 67/67 MP: 6/6
  3457 | D:5      | Reached skill level 6 in Shapeshifting
  3759 | D:5      | Reached XP level 8. HP: 76/78 MP: 7/7
  3769 | D:5      | Reached skill level 5 in Unarmed Combat
  3925 | D:5      | Noticed Duvessa
  3925 | D:5      | Noticed Dowan
  3927 | D:5      | Killed Dowan
  3937 | D:5      | Killed Duvessa
  4171 | D:6      | Reached skill level 7 in Shapeshifting
  4354 | D:6      | Reached skill level 5 in Fighting
  4363 | D:6      | Found an ornate altar of the Wu Jian Council.
  4390 | D:6      | Found a glowing silver altar of Zin.
  4700 | D:6      | Identified the +9 whip of Mezuap {drain, +Blink rN+}
  4779 | D:6      | Reached XP level 9. HP: 88/88 MP: 8/8
  5041 | D:7      | Reached skill level 8 in Shapeshifting
  5209 | D:7      | Found a runed translucent door.
  5211 | D:7      | Found a basalt altar of Yredelemnul.
  5377 | D:7      | Noticed Joseph
  5395 | D:7      | Killed Joseph
  5660 | D:4      | Bought a scroll of teleportation for 36 gold pieces
  5660 | D:4      | Bought a scroll of revelation for 90 gold pieces
  5660 | D:4      | Bought a scroll of revelation for 90 gold pieces
  5660 | D:4      | Bought a scroll of identify for 24 gold pieces
  5688 | D:4      | Bought a scroll of revelation for 90 gold pieces
  5688 | D:4      | Bought a scroll of identify for 24 gold pieces
  5688 | D:4      | Bought a scroll of identify for 24 gold pieces
  5688 | D:4      | Bought a scroll of blinking for 90 gold pieces
  5719 | D:4      | Bought an amulet of reflection for 390 gold pieces
  5886 | D:8      | Reached skill level 9 in Shapeshifting
  6516 | D:8      | Noticed a two-headed ogre
  6536 | D:8      | Killed a two-headed ogre
  6537 | D:8      | Reached XP level 10. HP: 63/100 MP: 9/9
  7144 | D:9      | Found a bloodstained altar of Trog.
  7244 | D:9      | Found a runed translucent door.
  7258 | D:9      | Noticed wormstring's ghost (novice FeCK)
  7258 | D:9      | Identified the +1 trident "Zaehefel" {drain, rF++}
  7484 | D:9      | Noticed Pikel
  7498 | D:9      | Killed Pikel
  7499 | D:9      | Reached skill level 10 in Shapeshifting
  7812 | D:10     | Entered Level 10 of the Dungeon
  7920 | D:10     | Found a staircase to the Orcish Mines.
  7927 | D:10     | Found a hide-covered altar of Uskayaw.
  8212 | D:10     | Found a blossoming altar of Fedhas.
  8750 | D:11     | Noticed a manticore
  8759 | D:11     | Killed a manticore
  8837 | D:11     | Reached XP level 11. HP: 109/109 MP: 10/10
  8950 | D:11     | Found Zianira's Fire Supplies.
  8980 | D:11     | Found a staircase to the Lair.
  9034 | D:11     | Reached skill level 11 in Shapeshifting
  9559 | Lair:1   | Entered Level 1 of the Lair of Beasts
  9565 | Lair:1   | You fall into a shaft and drop 1 floor!
  9589 | Lair:2   | Noticed Gastronok
  9608 | Lair:2   | Killed Gastronok
  9631 | Lair:2   | Found a dark tunnel.
  9637 | Volcano  | Entered a volcano
  9748 | Volcano  | Noticed an orc knight
  9765 | Volcano  | Killed an orc knight
  9775 | Volcano  | Noticed a hell knight
  9799 | Volcano  | Killed a hell knight
  9800 | Volcano  | Reached skill level 10 in Unarmed Combat
  9858 | Volcano  | Reached skill level 12 in Shapeshifting
  9914 | Volcano  | Noticed an orb of fire
 10025 | Volcano  | Identified the +2 sling of Integrity {heavy, rF- rCorr
                  | Str+7 Int+2}
 10052 | Volcano  | Noticed an orb of fire
 10056 | Volcano  | Reached XP level 12. HP: 122/122 MP: 11/11
 10679 | Lair:2   | Found a hole to the Spider Nest.
 11255 | Lair:3   | Found a staircase to the Swamp.
 11298 | Lair:3   | Reached skill level 13 in Shapeshifting
 11475 | Lair:3   | Noticed a seven-headed hydra
 11482 | Lair:3   | Killed a seven-headed hydra
 11649 | Lair:3   | Noticed Prince Ribbit
 11669 | Lair:3   | Killed Prince Ribbit
 11713 | Lair:3   | Reached XP level 13. HP: 114/131 MP: 12/12
 12424 | Lair:1   | Reached skill level 14 in Shapeshifting
 12457 | Lair:1   | Reached skill level 10 in Fighting
 13093 | D:4      | Bought a granite talisman for 1120 gold pieces
 14190 | Lair:5   | Entered Level 5 of the Lair of Beasts
 14190 | Lair:5   | Found a staircase to the Slime Pits.
 14190 | Lair:5   | Found a viscous altar of Jiyva.
 14194 | Lair:5   | Found a gate leading to a gauntlet.
 14203 | Gauntlet | Entered a Gauntlet
 14203 | Gauntlet | Found a transporter.
 14203 | Gauntlet | Found a transporter.
 14203 | Gauntlet | Found a transporter.
 14204 | Gauntlet | Found a runed translucent door.
 14204 | Gauntlet | Found a transporter.
 14206 | Gauntlet | Found a transporter.
 14208 | Gauntlet | Found a transporter.
 14215 | Gauntlet | Found a transporter.
 14217 | Gauntlet | Found a transporter.
 14219 | Gauntlet | Found a transporter.
 14219 | Gauntlet | Found a transporter.
 14227 | Gauntlet | Found a transporter.
 14228 | Gauntlet | Found a transporter.
 14562 | Gauntlet | Noticed a minotaur
 14569 | Gauntlet | Killed a minotaur
 14733 | Lair:5   | Reached XP level 14. HP: 144/144 MP: 13/13
 14736 | Lair:5   | Reached skill level 15 in Shapeshifting
 14928 | Lair:5   | Noticed Kirke
 14940 | Lair:5   | Noticed a sphinx
 15077 | Lair:5   | Killed Kirke
 16092 | D:12     | Found Qycimpeos's Antique Weapon Boutique.
 16177 | D:12     | Noticed Maurice
 16193 | D:12     | Killed Maurice
 16226 | D:12     | Found a frozen archway.
 16239 | IceCv    | Entered an ice cave
 16264 | IceCv    | Reached skill level 16 in Shapeshifting
 16372 | IceCv    | Noticed a reaper
 16377 | IceCv    | Killed a reaper
 17543 | D:13     | Noticed Jorgrun
 17551 | D:13     | Killed Jorgrun
 17660 | D:13     | You fall into a shaft and drop 1 floor!
 17771 | D:14     | Found a gate to the Vaults.
 17773 | D:14     | Reached XP level 15. HP: 156/156 MP: 14/14
 17984 | D:13     | Found a stormy altar of Qazlal.
 18806 | D:15     | Entered Level 15 of the Dungeon
 19105 | D:15     | Noticed Roxanne
 19114 | D:15     | Killed Roxanne
 19338 | D:15     | Reached skill level 17 in Shapeshifting
 19340 | D:15     | Found a staircase to the Depths.
 19605 | Orc:1    | Entered Level 1 of the Orcish Mines
 19646 | Orc:1    | Found Roif's Armour Boutique.
 20087 | Orc:2    | Entered Level 2 of the Orcish Mines
 20305 | Orc:2    | Found Dyjuudiku's Assorted Antiques.
 20560 | Orc:2    | Found Vaerch's Weapon Emporium.
 20701 | Orc:2    | Found a staircase to the Elven Halls.
 21172 | Orc:2    | Found Ijaweduh's Antique Weapon Shoppe.
 21174 | Orc:2    | Found Caguss's Antique Armour Emporium.
 21187 | Orc:2    | Bought an ebony executioner's axe for 480 gold pieces
 21187 | Orc:2    | Identified the +6 executioner's axe of Trial by Ordeal
                  | {freeze, Str+3 Int+5 Dex+3} (You bought it in a shop on
                  | level 2 of the Orcish Mines)
 21398 | Swamp:1  | Entered Level 1 of the Swamp
 21532 | Swamp:1  | Reached XP level 16. HP: 167/167 MP: 15/15
 21532 | Swamp:1  | Noticed Frances
 21540 | Swamp:1  | Gained mutation: You are dopey. (Int -2) [a neqoxec]
 21544 | Swamp:1  | Killed Frances
 22009 | Swamp:2  | Noticed Louise
 22015 | Swamp:2  | Killed Louise
 22113 | Swamp:2  | Reached skill level 15 in Unarmed Combat
 22432 | Swamp:2  | Found a hazy altar of Hepliaklqana.
 22867 | Swamp:2  | Lost mutation: You are dopey. (Int -2) [potion of mutation]
 22867 | Swamp:2  | Gained mutation: Your flesh is cold resistant. (rC+)
                  | [potion of mutation]
 23039 | Swamp:3  | Reached skill level 18 in Shapeshifting
 23452 | Swamp:4  | Entered Level 4 of the Swamp
 24255 | Swamp:4  | Got a decaying rune of Zot
 24494 | Spider:1 | Entered Level 1 of the Spider Nest
 24697 | Spider:1 | Reached XP level 17. HP: 178/178 MP: 16/16
 24808 | Spider:1 | Noticed Agnes
 24816 | Spider:1 | Killed Agnes
 24922 | Spider:1 | Identified the +5 flail of Wisdom {elec, +Blink rN+ Dex-5
                  | SInv}
 25921 | Spider:2 | Reached skill level 19 in Shapeshifting
 26830 | Spider:2 | Bought a potion of curing for 57 gold pieces
 26830 | Spider:2 | Bought a potion of haste for 190 gold pieces
 26833 | Spider:2 | Bought a potion of curing for 57 gold pieces
 26833 | Spider:2 | Bought a metallic black potion for 17 gold pieces
 26833 | Spider:2 | Bought a scroll of fog for 76 gold pieces
 26833 | Spider:2 | Bought a scroll of revelation for 142 gold pieces
 28331 | Spider:4 | Entered Level 4 of the Spider Nest
 28454 | Spider:4 | Reached XP level 18. HP: 191/191 MP: 2/17
 28525 | Spider:4 | Reached skill level 20 in Shapeshifting
 28678 | Spider:4 | Noticed Bai Suzhen
 28723 | Spider:3 | HP: 11/271 [poisoned by a redback]
 28728 | Spider:3 | HP: 8/271 [poisoned by a redback]
 28733 | Spider:3 | HP: 7/271 [poisoned by a redback]
 28738 | Spider:3 | HP: 9/271 [poisoned by a redback]
 29137 | Spider:4 | Killed Bai Suzhen
 30327 | Spider:4 | Got a gossamer rune of Zot
 30738 | Vaults:1 | Entered Level 1 of the Vaults
 30760 | Vaults:1 | Reached skill level 15 in Fighting
 31470 | Vaults:1 | Noticed Donald
 31494 | Vaults:1 | HP: 12/250 [Donald/+2 double sword of draining (28)]
 31503 | Vaults:1 | Killed Donald
 31511 | Vaults:1 | Slain by a vault warden

Illustrated notes

Levels and vault maps discovered:
D:1:      minmay_arrival_loop, layout_basic
D:2:      minmay_general_purpose_star, layout_basic,
          hellmonk_ecumenical_altar_blasted, minmay_nonomino_d4
D:3:      layout_basic, grunt_dithmenos_smoke_and_mirrors, dk_noncrumbling_4,
          nicolae_figureground_pulse, uniq_ijyb, uniq_terence
D:4:      layout_rooms, minmay_temple_entry_tees, serial_shops, shop,
          kennysheep_mini, nicolae_shop_hallway_plus, nicolae_stop_n_shop_2,
          nicolae_shop_gaudy_bauble
D:5:      layout_loops_ring, uniq_duvessa
D:6:      layout_gridville, mainiacjoe_overflow_catwalk_spiral, minmay_puff
D:7:      layout_rooms, dk_yredelemnul_ordeal, uniq_joseph
D:8:      layout_basic
D:9:      layout_irregular_city, trog_hazing_becter,
          ebering_ghost_funeral_grove, st_stairs_9, uniq_pikel
D:10:     layout_irregular_city, mainiacjoe_overflow_boulevard,
          fedhas_ov_isle_minmay
D:11:     layout_roguey, lair_entry_dummy, serial_corexii_hall,
          corexii_hall_statues_i, chequers_hall_statues_wall_a,
          nicolae_shop_fire_sale [nicolae_sub_dead_trees],
          dreamdust_mushroom_princess
D:12:     layout_loops_ring, special_room [special_room_orc], serial_shops,
          kennysheep_mini_moat, portal_ice_cave_entry_imps, minmay_circle_x,
          uniq_maurice
D:13:     layout_roguey, nicolae_qazlal_style_of_elements, uniq_jorgrun
D:14:     layout_irregular_city, erik_vaults_1
D:15:     grunt_enter_depths_snipers, layout_rooms, minmay_misc_feat_roman,
          uniq_roxanne
Temple:   hellmonk_temple_divided_pantheon
Lair:1:   layout_loops_ring, st_stairs_5
Lair:2:   layout_chaotic_city, nicolae_spider_entry_non_spiders,
          nicolae_volcano_entry_s_turn, uniq_gastronok
Lair:3:   layout_misc_corridors, minmay_swamp_entry_reptiles,
          uniq_prince_ribbit2
Lair:4:   layout_cellular_growth, infiniplex_staircase_pool, grunt_megastairs_2
Lair:5:   due_jungle_book, layout_regular_city, slime_entry_1,
          gauntlet_entry_generic, uniq_kirke
Swamp:1:  layout_basic_swamp, evilmike_swamp_ruin_house_5, uniq_frances
Swamp:2:  nicolae_swamp_long_stream, layout_basic_swamp, lemuel_altar_in_water2,
          swamp_pool2, hangedman_swamp_pad,
          nicolae_swamp_feature_on_the_river_bank, uniq_louise
Swamp:3:  layout_falls_marsh, nicolae_swamp_round_clearing
Swamp:4:  swamp_fiery, layout_basic_swamp
Spider:1: layout_chambers, uniq_agnes
Spider:2: layout_spider_delve, drop_trap, hellmonk_test_site
Spider:3: layout_cave_pods
Spider:4: floodkiller_spider_rune_tomb, uniq_bai_suzhen
Orc:1:    layout_diamond_mine, serial_shops, shop, basic_altar,
          lightli_orcish_oven
Orc:2:    grunt_orc_community_town_hall, layout_caves,
          grunt_orc_community_big_house_2, grunt_orc_community_big_house_1,
          grunt_orc_community_house_2, grunt_orc_community_house_2,
          grunt_orc_community_house_2, grunt_orc_community_house_2,
          grunt_orc_community_house_3, grunt_orc_community_house_1
Vaults:1: nicolae_vaults_yaktaur_gun_rack, v_rooms_2, nicolae_vaults_turnstiles,
          nicolae_vaults_triangles, ontoclasm_vaults_tryst, v_misc_16,
          hangedman_vaults_restitches, nicolae_vaults_prndl,
          ontoclasm_vaults_decontamination, nicolae_vaults_storage_closets_1,
          layout_vaults_chaotic_city, serial_shops,
          nicolae_shop_pleasant_corner_grove, uniq_donald

Skill      XL: |  1  2  3  4  5  6  7  8  9 10 11 12 13 14 15 16 17 18 |
---------------+-------------------------------------------------------+-----
Fighting       | 2 3 4 5 6 7 8 9 10 11 12 13 14 15 | 15.1
Shapeshifting  | 4 5 6 7 9 10 12 13 14 16 17 18 19 20 | 20.9
Unarmed Combat | 3 4 6 7 8 10 11 12 13 14 15 16 17 | 17.8
Dodging        | |  1.5

Action                     |  1- 3 |  4- 6 |  7- 9 | 10-12 | 13-15 | 16-18 || total
---------------------------+-------+-------+-------+-------+-------+-------++-------
  Melee: Unarmed           |    92 |   110 |   294 |   473 |   999 |  1055 ||  3023
         Punch             |     1 |     3 |    12 |     3 |    60 |   102 ||   181
         Constrict         |       |       |       |    74 |    40 |       ||   114
         Tailslap          |       |       |       |       |       |     6 ||     6
         Bite              |       |       |       |       |       |     1 ||     1
 Invoke: Potion Petition   |       |       |       |     2 |       |     3 ||     5
         Call Merchant     |       |       |       |       |     3 |     3 ||     6
    Use: Scroll            |       |    14 |     9 |     5 |     5 |     7 ||    40
         Potion            |       |       |     3 |     3 |     1 |     8 ||    15
   Stab: Sleeping          |     1 |     2 |     2 |       |     1 |     1 ||     7
         Distracted        |       |       |     1 |     6 |     6 |    13 ||    26
         Invisible         |       |       |       |       |       |     1 ||     1
 Armour: Animal skin       |    21 |    16 |    54 |    10 |       |       ||   101
         Skin              |       |       |       |    59 |   529 |  1311 ||  1899
  Dodge: Dodged            |    51 |    69 |   219 |   268 |   648 |  1083 ||  2338
  Block: Other             |       |       |     7 |    89 |   234 |   391 ||   721
         Reflection        |       |       |       |     6 |     6 |     4 ||    16
   Form: Blade             |       |       |     1 |       |       |       ||     1
         Anaconda          |       |       |       |     1 |       |       ||     1
         Statue            |       |       |       |       |     1 |     1 ||     2
                           |       |       |       |       |       |     1 ||     1
         Dragon            |       |       |       |       |       |     1 ||     1

Table legend: (Time is in decaauts)
 A = Elapsed time spent in this place.
 B = Non-inter-level travel time spent in this place.
 C = Inter-level travel time spent in this place.
 D = Time resting spent in this place.
 E = Time spent auto-exploring this place.
 F = Levels seen in this place.
 G = Mean time per level.
                   A        B        C        D        E       F      G
               +--------+--------+--------+--------+--------+-----+--------+
         Total |  39510 |  36127 |   3383 |   1046 |  26961 |  35 | 1128.9 |
       Dungeon |  14652 |  12889 |   1763 |     77 |  10446 |  15 |  976.8 |
        Temple |     44 |     26 |     18 |      0 |      0 |   1 |   44.0 |
          Lair |   6044 |   5364 |    680 |    161 |   4047 |   5 | 1208.8 |
         Swamp |   4455 |   4004 |    451 |     63 |   3147 |   4 | 1113.8 |
   Spider Nest |   8588 |   8288 |    300 |    540 |   5974 |   4 | 2147.0 |
  Orcish Mines |   2428 |   2260 |    168 |      0 |   1746 |   2 | 1214.0 |
        Vaults |   1096 |   1095 |      1 |      0 |    832 |   1 | 1096.0 |
      Ice Cave |    706 |    706 |      0 |      4 |    202 |   1 |  706.0 |
       Volcano |    778 |    778 |      0 |    200 |    364 |   1 |  778.0 |
      Gauntlet |    715 |    715 |      0 |      0 |    201 |   1 |  715.0 |
               +--------+--------+--------+--------+--------+-----+--------+

Top non-repeatable levels by time:
Spider:4: 2378 daAuts
Spider:3: 2160 daAuts
Spider:1: 2034 daAuts
Spider:2: 2014 daAuts
   Orc:2: 1709 daAuts
  Lair:5: 1675 daAuts
 Swamp:2: 1611 daAuts
  Lair:4: 1392 daAuts
 Swamp:4: 1377 daAuts
    D:12: 1356 daAuts
     D:8: 1215 daAuts
  Lair:2: 1175 daAuts
    D:14: 1119 daAuts
     D:1: 1098 daAuts
Vaults:1: 1096 daAuts
